Map: [ESL] Cosmic Sapphire

Players

Solar - Winner!

  • Race: Zerg Zerg
  • League: Grandmaster
  • Spawn Location: 11:00

Reynor

  • Race: Zerg Zerg
  • League: Master
  • Spawn Location: 5:00

Event: TSL 9

VOD

Have the link to the VOD?

Description

Time

  • Played on: Sept. 3, 2022, 9:12 a.m.
  • Length: 5:48

All games in this series

Show
View Real Time Build Order
Export as new Build Order

Solar Zerg - Winner!

Build Orders: Hatch First 

Get SALT Encoding   

  12  0:00  Drone  
  13  0:12  Overlord  
  13  0:17  Drone  
  14  0:31  Drone x2  
  16  0:47  Hatchery  
  15  0:51  Drone  
  15  0:54  Drone  
  17  0:58  Drone  
  18  1:08  Extractor  
  17  1:14  Spawning Pool  
  17  1:16  Drone  
  17  1:19  Drone  
  18  1:27  Drone  
  19  1:38  Drone  
  20  1:49  Drone  
  21  2:01  Zergling x2, Queen x2  
  24  2:02  Overlord  
  26  2:11  Drone x2  
  26  2:13  Metabolic Boost  
  28  2:21  Drone x2  
  30  2:32  Hatchery  
  30  2:35  Drone  
  30  2:38  Zergling x2  
  31  2:44  Queen  
  33  2:52  Baneling Nest  
  33  2:54  Overlord  
  33  2:56  Drone  
  33  2:59  Drone  
  33  3:00  Drone  
  35  3:05  Drone  
  35  3:12  Drone x4  
  40  3:15  Drone  
  40  3:17  Zergling x2  
  40  3:18  Zergling x2  
  43  3:23  Overlord  
  43  3:25  Zergling x2  
  44  3:30  Evolution Chamber  
  44  3:32  Drone  
  44  3:38  Baneling  
  44  3:39  Baneling  
  45  3:41  Zergling x10  
  45  3:45  Drone  
  45  3:46  Drone  
  51  3:53  Roach Warren  
  51  3:54  Drone, Extractor  
  49  3:56  Drone  
  49  3:59  Zergling x4  
  51  4:03  Overlord  
  51  4:06  Drone  
  51  4:09  Queen  
  48  4:10  Baneling  
  48  4:18  Overlord  
  48  4:21  Overlord  
  48  4:22  Drone  
  49  4:25  Drone  
  50  4:34  Roach  
  50  4:35  Roach x3  
  50  4:37  Roach  
  60  4:40  Roach  
  60  4:44  Roach  
  63  4:47  Roach x2  
  63  4:50  Roach  
  63  4:51  Roach  
  73  4:53  Roach  
  73  4:55  Overlord  
  73  4:58  Zergling x4  
  75  5:00  Zergling x2  
  75  5:03  Zergling x4  
  75  5:05  Zergling x2  
  75  5:06  Zergling x2  
  80  5:09  Baneling x2  
  80  5:10  Zergling x2  
  80  5:12  Baneling x3  
  80  5:13  Baneling  
  80  5:14  Zergling x2  
  80  5:18  Baneling  
  80  5:19  Zergling x4  
  83  5:22  Zergling x4  
  83  5:24  Zergling x2  
  85  5:30  Overlord  
  90  5:42  Ravager  
Show
View Real Time Build Order
Export as new Build Order

Reynor Zerg 

Build Orders: Hatch First 

Get SALT Encoding   

  12  0:00  Drone  
  13  0:11  Overlord  
  13  0:16  Drone  
  14  0:30  Drone x2  
  16  0:47  Hatchery  
  15  0:50  Drone  
  15  0:53  Drone  
  17  0:58  Drone  
  18  1:07  Extractor  
  17  1:12  Spawning Pool  
  17  1:15  Drone  
  17  1:18  Drone  
  18  1:27  Drone  
  19  1:38  Drone  
  20  1:49  Drone  
  21  1:59  Queen x2, Overlord  
  21  2:00  Zergling x2  
  26  2:07  Metabolic Boost  
  26  2:10  Drone x2  
  28  2:21  Drone x2  
  30  2:32  Hatchery  
  30  2:35  Zergling x2  
  30  2:38  Drone  
  31  2:45  Baneling Nest, Drone  
  31  2:48  Drone  
  32  2:54  Overlord  
  32  2:55  Drone  
  33  3:03  Drone  
  33  3:04  Drone  
  35  3:09  Zergling x2  
  36  3:13  Zergling x10  
  36  3:18  Overlord  
  41  3:23  Zergling x2, Evolution Chamber  
  41  3:30  Baneling, Drone  
  41  3:31  Baneling  
  41  3:32  Drone  
  41  3:33  Baneling x2  
  43  3:38  Drone  
  43  3:39  Drone x2  
  46  3:42  Drone x2  
  46  3:43  Drone  
  46  3:46  Overlord  
  49  3:51  Drone  
  50  4:01  Zergling x6  
  47  4:08  Zergling x4  
  47  4:09  Queen  
  49  4:11  Drone x2  
  49  4:12  Drone  
  49  4:13  Drone  
  53  4:17  Drone x2  
  53  4:18  Drone  
  53  4:21  Extractor  
  55  4:24  Baneling  
  55  4:25  Drone  
  55  4:28  Drone x2  
  58  4:31  Roach Warren  
  58  4:37  Overlord  
  58  4:38  Drone  
  58  4:39  Drone  
  58  4:40  Extractor  
  58  4:44  Drone x3  
  58  4:45  Drone  
  62  4:50  Drone, Overlord  
  62  4:51  Drone  
  62  4:52  Drone  
  64  4:54  Drone  
  64  4:58  Drone  
  66  5:00  Drone  
  66  5:06  Overlord  
  67  5:13  Roach x3  
  72  5:15  Spine Crawler  
  72  5:16  Roach x3  
  72  5:20  Roach x3  
  81  5:21  Baneling  
  81  5:22  Baneling  
  81  5:23  Overlord  
  81  5:27  Spine Crawler  
  81  5:28  Roach, Spine Crawler  
  81  5:29  Roach  
Tags
 
Add a new tag
Caveats
  • Supply blocks, unpowered buildings, or Contaminate may cause inaccurate times.
  • Supply counts are checked every 10 seconds.